 Dungeon Crawl Stone Soup version 0.24.0-125-gc4c63601f3 (webtiles) character file.

Game seed: 11214417086454603236, levelgen mode: deterministic

6066 Curus the Spear-Bearer (level 10, -3/153 HPs)
             Began as a Minotaur Berserker on Mar 7, 2020.
             Was a High Priest of Trog.
             Slain by a gnoll
             ... wielding a +0 hand axe
              (7 damage)
             ... in a bailey.
             The game lasted 00:41:19 (6688 turns).

Curus the Spear-Bearer (Minotaur Berserker)         Turns: 6688, Time: 00:41:20

Health: -3/153     AC: 12    Str: 27    XL:     10   Next: 57%
Magic:  9/9        EV:  9    Int:  7    God:    Trog [*****.]
Gold:   216        SH:  0    Dex: 12    Spells: 9/9 levels left

rFire    . . .     SeeInvis .   v - +1 glaive (chop)
rCold    . . .     Gourm    .   (shield currently unavailable)
rNeg     . . .     Faith    .   g - +0 chain mail
rPois    .         Spirit   .   e - +1 hat
rElec    .         Reflect  .   m - scarf {repulsion}
rCorr    .         Harm     .   (no gloves)
MR       +....                  (no boots)
Stlth    ..........             h - amulet of magic regeneration
HPRegen  0.35/turn              y - +4 ring of slaying
MPRegen  0.36/turn              z - ring of protection from magic

@: berserking, repel missiles, very quick
A: retaliatory headbutt, horns 2, clever 1, robust 1
a: Berserk, Trog's Hand, Brothers in Arms, Renounce Religion


You were in a bailey.
You worshipped Trog.
Trog was extremely pleased with you.
You were very hungry.

You visited 1 branch of the dungeon, and saw 10 of its levels.
You also visited: Bailey.

You collected 622 gold pieces.
You spent 406 gold pieces at shops.

Inventory:

Hand Weapons
 a - a +0 spear
 n - a +1 trident
 v - a +1 glaive of chopping (weapon)
 D - a +2 antimagic halberd
Armour
 b - a +0 animal skin
 d - a +0 ring mail
 e - a +1 hat (worn)
 g - a +0 chain mail (worn)
 j - a +0 cloak
 m - a scarf of repulsion (worn)
 t - a +1 cloak
Jewellery
 h - an amulet of magic regeneration (around neck)
 o - an uncursed ring of attention
 p - an uncursed ring of stealth
 u - an uncursed ring of resist corrosion
 y - a +4 ring of slaying (left hand)
 z - a ring of protection from magic (right hand)
Wands
 q - a wand of random effects (16)
 w - a wand of paralysis (8)
Scrolls
 i - 5 scrolls of identify
 s - 5 scrolls of teleportation
 B - a scroll of remove curse
Potions
 f - 2 potions of invisibility
 k - 7 potions of curing
 l - a potion of heal wounds
 r - 3 potions of haste
 x - a potion of agility
 A - 2 potions of might
Comestibles
 c - 14 rations


   Skills:
 + Level 9.8 Fighting
 - Level 14.0 Polearms
 + Level 9.4 Armour
 - Level 2.1 Dodging


You had 9 spell levels left.
You didn't know any spells.
Your spell library was empty.

Dungeon Overview and Level Annotations

Branches:
Dungeon (11/15)            Temple (0/1) D:4          Bailey (1/1)
   Lair: D:8-11         Orc: D:9-12

Altars:
Gozag
Qazlal
Xom
Yredelemnul
Beogh

Shops:
D:4 !   D:5 :   D:6 *   D:7 %

Annotations:
D:8 3 runed translucent doors, CrazyMind's ghost, novice HuFi
D:11 exclusion: 3 oklob plants


Innate Abilities, Weirdness & Mutations

You reflexively headbutt those who attack you in melee.
You have a pair of horns on your head.
Your mind is acute. (Int +2)
You are robust. (+10% HP)


Message History

Trog accepts your kill.
Your life force feels restored.
You hit the orc. You headbutt the orc.
You feel the power of Trog in you as your rage grows.
You kill the orc!
Trog accepts your kill.
You closely miss the gnoll. You headbutt the gnoll!
The gnoll is heavily wounded.
You slash the gnoll!
You kill the gnoll!
Trog accepts your kill.
You closely miss the orc.
The orc no longer looks unusually strong.
The gnoll hits you with a +0 hand axe.
* * * LOW HITPOINT WARNING * * *
The orc hits you but does no damage.
You barely miss the orc. You headbutt the orc.
The orc is severely wounded.
The gnoll hits you with a +0 hand axe!
You die...

#.......#
##.......##
#.........#
##.........##
#.....⌠.....# 8
##.........##
... #.........#
.....##g......##
.....go@......#
.....o##.....##
.⌠... #######
.... ... .. .


You could see an orc warrior, a gnoll, an orc and a goblin.

Vanquished Creatures
  Urug (D:10)
  An orc knight (Bailey)
  A deep elf mage (D:11)
  A troll (D:11)
  2 hippogriffs
  Sigmund (D:5)
  The ghost of ruphz the Gusty, an amateur TeAE of Qazlal (D:3)
  A water moccasin (D:7)
  A porcupine (D:10)
  An ice beast (D:11)
  2 orc warriors (Bailey)
  A phantom (D:6)
  2 sky beasts
  4 ogres
  2 centaurs
  2 crocodiles (D:10)
  2 big kobolds
  2 bullfrogs (D:6)
  A gnoll sergeant (D:7)
  A wyvern zombie (D:11)
  2 scorpions
  2 jellies
  A howler monkey (D:8)
  4 wights (D:10)
  2 bullfrog zombies
  A centaur zombie (D:5)
  6 crimson imps
  A quasit (D:8)
  2 orc priests
  2 centaur skeletons
  A gnoll shaman (D:5)
  2 hounds
  2 bullfrog skeletons
  An iguana (D:7)
  3 orc wizards
  Natasha (thrice) (D:4)
  3 worker ants
  2 hound skeletons (D:5)
  22 gnolls
  A howler monkey skeleton (D:7)
  7 adders
  3 shadow imps (D:5)
  5 oozes
  An adder zombie (D:6)
  An adder skeleton (D:4)
  4 worms
  4 dart slugs
  6 leopard geckos
  29 orcs
  6 giant cockroaches
  18 goblins
  9 hobgoblins
  9 jackals
  2 quokkas
  2 ball pythons
  5 bats
  6 frilled lizards
  2 gnoll zombies (D:8)
  18 kobolds
  9 rats
239 creatures vanquished.

Vanquished Creatures (others)
  A bush (D:10)
  A fungus (D:10)
  16 plants
18 creatures vanquished.

Grand Total: 257 creatures vanquished

Notes
Turn   | Place    | Note
-------+----------+-------------------------------------------
     0 | D:1      | Curus the Minotaur Berserker began the quest for the Orb.
     0 | D:1      | Reached XP level 1. HP: 19/19 MP: 0/0
    19 | D:1      | Reached skill level 4 in Polearms
    19 | D:1      | Reached XP level 2. HP: 24/26 MP: 1/1
   263 | D:1      | Reached skill level 5 in Polearms
   279 | D:1      | Reached XP level 3. HP: 28/31 MP: 2/2
   309 | D:1      | Reached ** piety under Trog
   677 | D:2      | Reached skill level 6 in Polearms
   677 | D:2      | Reached XP level 4. HP: 32/39 MP: 3/3
  1333 | D:3      | Gained mutation: Your mind is acute. (Int +2) [potion of
                  | mutation]
  1333 | D:3      | Gained mutation: You are robust. (+10% HP) [potion of
                  | mutation]
  1416 | D:3      | Reached skill level 7 in Polearms
  1416 | D:3      | Reached XP level 5. HP: 47/49 MP: 4/4
  1563 | D:3      | Reached *** piety under Trog
  1609 | D:3      | Noticed ruphz's ghost (amateur TeAE)
  1610 | D:3      | Found a runed translucent gate.
  1611 | D:3      | Found a runed translucent gate.
  1612 | D:3      | Found a runed translucent gate.
  1613 | D:3      | Found a roughly hewn altar of Beogh.
  1614 | D:3      | Identified the +12 dagger "Jumnail" {drain, +Inv rF+++ rC-
                  | Str+3}
  1614 | D:3      | Identified the +0 ring mail "Amiucog" {MP+9 Str+8 Stlth-}
  1932 | D:3      | Noticed an ogre
  1942 | D:3      | Killed an ogre
  1942 | D:3      | Reached skill level 8 in Polearms
  1942 | D:3      | Reached XP level 6. HP: 24/56 MP: 5/5
  2268 | D:3      | Killed ruphz's ghost
  2268 | D:3      | Reached skill level 9 in Polearms
  2387 | D:4      | Noticed Natasha
  2390 | D:4      | Killed Natasha
  2424 | D:4      | Found a staircase to the Ecumenical Temple.
  2450 | D:4      | Found Vomowkur's Distillery.
  2468 | D:4      | Reached XP level 7. HP: 54/62 MP: 6/6
  2568 | D:4      | Noticed Natasha
  2573 | D:4      | Killed Natasha
  2573 | D:4      | Reached **** piety under Trog
  2742 | D:4      | Bought a potion of curing for 42 gold pieces
  2742 | D:4      | Bought a potion of curing for 42 gold pieces
  2742 | D:4      | Bought a potion of curing for 42 gold pieces
  2742 | D:4      | Bought a potion of haste for 140 gold pieces
  3055 | D:4      | Noticed Natasha
  3057 | D:4      | Killed Natasha
  3057 | D:4      | Reached skill level 10 in Polearms
  3268 | D:5      | Entered Level 5 of the Dungeon
  3311 | D:5      | Found an opulent altar of Gozag.
  3498 | D:5      | Noticed Sigmund
  3516 | D:5      | Killed Sigmund
  3516 | D:5      | Reached skill level 11 in Polearms
  3527 | D:5      | Reached XP level 8. HP: 55/70 MP: 7/7
  3779 | D:5      | Reached skill level 12 in Polearms
  3785 | D:5      | Found a transporter.
  3789 | D:5      | Found a transporter.
  3936 | D:5      | Found Fobemyczokh's Book Emporium.
  4145 | D:5      | Found a shimmering altar of Xom.
  4409 | D:6      | Found Anirchidd's Assorted Antiques.
  4439 | D:6      | Bought a tourmaline ring for 140 gold pieces
  4468 | D:6      | Reached skill level 13 in Polearms
  4500 | D:6      | Reached ***** piety under Trog
  4551 | D:6      | Reached XP level 9. HP: 57/77 MP: 8/8
  4673 | D:6      | Reached skill level 14 in Polearms
  5023 | D:7      | Found a stormy altar of Qazlal.
  5268 | D:7      | Reached skill level 5 in Fighting
  5396 | D:7      | Found Liugh's Food Shoppe.
  5786 | D:8      | Reached skill level 5 in Armour
  5830 | D:8      | Found a runed translucent gate.
  5831 | D:8      | Found a runed translucent gate.
  5832 | D:8      | Found a runed translucent gate.
  5833 | D:8      | Identified the +5 short sword of Fownimp {drain, rPois rC+}
  5833 | D:8      | Noticed a kobold demonologist
  5833 | D:8      | Noticed CrazyMind's ghost (novice HuFi)
  6116 | D:8      | Found a basalt altar of Yredelemnul.
  6146 | D:8      | You fall into a shaft and drop 3 floors!
  6147 | D:11     | Noticed an oklob plant
  6147 | D:11     | Noticed an oklob plant
  6163 | D:11     | Noticed a deep elf mage
  6177 | D:11     | Killed a deep elf mage
  6185 | D:11     | Reached XP level 10. HP: 63/96 MP: 9/9
  6198 | D:11     | Noticed an oklob plant
  6340 | D:10     | Entered Level 10 of the Dungeon
  6352 | D:10     | Noticed Urug
  6368 | D:10     | Killed Urug
  6473 | D:10     | Found a flagged portal.
  6578 | Bailey   | Entered a bailey
  6612 | Bailey   | Received a gift from Trog
  6667 | Bailey   | Noticed an orc knight
  6682 | Bailey   | HP: 3/150 [orc knight/+0 war axe (12)]
  6683 | Bailey   | Killed an orc knight
  6687 | Bailey   | HP: 3/153 [gnoll/+0 hand axe (1)]
  6688 | Bailey   | Slain by a gnoll

Levels and vault maps discovered:
D:1:      lemuel_arrival_cross, layout_basic, minmay_misc_feat_four_crosses
D:2:      layout_basic
D:3:      minmay_door_path, layout_basic, biasface_ghost_orc_armoury
D:4:      layout_gridville, temple_doors_ab, kennysheep_windowed_goal,
          uniq_natasha
D:5:      gammafunk_wand_slinger, layout_basic, lemuel_crystal_altar, tgw_xom,
          serial_shops, shop, first_ration, uniq_sigmund
D:6:      layout_basic, serial_shops, nicolae_shop_overgrown_old_shop
D:7:      layout_loops_corners, nicolae_qazlal_style_of_elements, serial_shops,
          kennysheep_mini
D:8:      minmay_the_grid_triangle_9x9_rhombus_full
          [minmay_the_grid_triangle_9x9_windchime,
          minmay_the_grid_triangle_9x9_subtriangle,
          minmay_the_grid_triangle_9x9_wacky_v,
          minmay_the_grid_triangle_9x9_negative_grid,
          minmay_the_grid_triangle_9x9_steps,
          minmay_the_grid_triangle_9x9_alien,
          minmay_the_grid_triangle_9x9_odd_lines,
          minmay_the_grid_triangle_9x9_prize_top_heavy], layout_loops_corners,
          lemuel_zombie_altar_yredelemnul, gammafunk_ghost_nasty_kobolds
D:10:     layout_big_octagon, minmay_lair_entry_grove, enter_bailey_3,
          serial_shops, nicolae_shop_overgrown_old_shop, grunt_livestock,
          uniq_urug
D:11:     layout_cave_pods, disabler_island
Bailey:   bailey_axe_minmay_hex_keep, bailey

Skill      XL: |  1  2  3  4  5  6  7  8  9 10 |
---------------+-------------------------------+-----
Polearms       | 4 5 6 7 8 9 11 13 14 | 14.0
Fighting       | 7 9 |  9.8
Armour         | 7 9 |  9.4
Dodging        | |  2.1

Action                   |  1- 3 |  4- 6 |  7- 9 | 10-12 || total
-------------------------+-------+-------+-------+-------++-------
Melee: Spear             |    77 |   167 |       |       ||   244
       Headbutt          |     8 |    36 |    63 |    23 ||   130
       Trident           |       |    44 |   366 |    69 ||   479
       Glaive            |       |       |       |    54 ||    54
Invok: Berserk           |       |       |       |     1 ||     1
  Use: Potion            |     3 |     4 |     5 |       ||    12
       Scroll            |     1 |     2 |     8 |     1 ||    12
  Eat: Chunk             |       |     5 |     9 |     1 ||    15
       Ration            |       |       |     1 |       ||     1
Armor: Ring mail         |    15 |    18 |       |       ||    33
       Animal skin       |     1 |       |       |       ||     1
       Chain mail        |       |    29 |   118 |    21 ||   168
Dodge: Dodged            |    30 |    48 |    60 |    37 ||   175
       Deflected         |       |       |     1 |     9 ||    10
